 Dungeon Crawl Stone Soup version 0.29-a0-241-g20d21d4356 (webtiles) character file.

Game seed: 2075152813091406443

884 HotDog the Slasher (level 7, -3/61 HPs)
             Began as a Minotaur Fighter on Mar 4, 2022.
             Was a Priest of Zin.
             Slain by a bog mummy (5 damage)
             ... on level 5 of the Dungeon.
             The game lasted 00:05:34 (4167 turns).

HotDog the Slasher (Minotaur Fighter)               Turns: 4167, Time: 00:05:34

Health: -3/61      AC: 10    Str: 30    XL:     7   Next: 76%
Magic:  7/7        EV: 10    Int:  6    God:    Zin [***...]
Gold:   212        SH:  5    Dex: 10    Spells: 6/6 levels left

rFire   + . .      SeeInvis .   a - +1 long sword
rCold   . . .      Faith    .   c - +0 buckler
rNeg    . . .      Spirit   .   o - +2 scale mail {rF+}
rPois   ∞          Reflect  .   (helmet restricted)
rElec   .          Harm     .   (no cloak)
rCorr   .          Rampage  .   i - +0 pair of gloves
Will    .....                   (no boots)
Stlth   ..........              (no amulet)
HPRegen 0.20/turn               r - +6 ring of strength
MPRegen 0.10/turn               l - ring of poison resistance

@: vitalised, on recite cooldown, slowed, very slow
A: horns 2, retaliatory headbutt
a: Renounce Religion, Recite, Vitalisation, Imprison, Donate Gold


You were on level 5 of the Dungeon.
You worshipped Zin.
Zin was most pleased with you.
You visited 1 branch of the dungeon, and saw 5 of its levels.
You also visited: Ossuary.

You collected 235 gold pieces.
You donated 23 gold pieces to Zin.

Inventory:

Hand Weapons
 a - a +1 long sword (weapon)
Armour
 c - a +0 buckler (worn)
 i - a +0 pair of gloves (worn)
 o - a +2 scale mail of fire resistance (worn)
Jewellery
 f - a ring of willpower
 j - a ring of positive energy
 l - a ring of poison resistance (right hand)
 r - a +6 ring of strength (left hand)
Wands
 d - a wand of paralysis (3)
 p - a wand of flame (11)
Scrolls
 b - a scroll of amnesia
 m - a scroll of teleportation
 q - a scroll of acquirement {unknown}
Potions
 e - 4 potions of curing
 g - a potion of brilliance
 h - a potion of haste
 k - a potion of lignification
 n - a potion of invisibility {unknown}
 s - a potion of mutation {unknown}


   Skills:
 * Level 5.3 Fighting
 * Level 6.3 Long Blades
 * Level 6.1 Armour
 * Level 2.7 Dodging
 * Level 5.1 Shields
 * Level 2.5 Invocations


You had 6 spell levels left.
You didn't know any spells.
Your spell library contained the following spells:

 Spells                   Type           Power      Damage    Failure   Level
 Foxfire                  Conj/Fire      0%         2x1d4     77%         1
 Blink                    Tloc           0%         N/A       88%         2
 Conjure Flame            Conj/Fire      0%         6-21      98%         3
 Inner Flame              Hex/Fire       0%         N/A       98%         3
 Lesser Beckoning         Tloc           0%         N/A       98%         3
 Flame Wave               Conj/Fire      0%         2d4       100%        4
 Alistair's Intoxication  Tmut/Pois      0%         N/A       100%        5
 Borgnjor's Vile Clutch   Necr/Erth      0%         N/A       100%        5
 Manifold Assault         Tloc           0%         N/A       100%        5
 Eringya's Noxious Bog    Tmut/Pois      0%         N/A       100%        6


Dungeon Overview and Level Annotations

Branches:
Dungeon (5/15)            Ossuary (visited)
 Temple: D:4-7

Altars:
Zin


Innate Abilities, Weirdness & Mutations

You have a pair of horns on your head.
You reflexively headbutt those who attack you in melee.


Message History

The centaur zombie is smitten by the wrath of Zin.
The centaur zombie is moderately damaged.
Unknown command.
You hit the bog mummy but do no damage. "...those who did not become obedient would be castigated?"
You finish reciting Anathema 6:77.
The bog mummy closely misses you.
You hit the bog mummy.
The bog mummy is moderately damaged.
You block the bog mummy's attack.
You hit the bog mummy.
The bog mummy is heavily damaged.
You feel yourself speed up. The bog mummy closely misses you.
You barely miss the bog mummy.
The bog mummy is heavily damaged.
You slash the bog mummy!
The bog mummy is almost destroyed.
You slash the centaur zombie!
The centaur zombie is severely damaged.
The centaur zombie hits you.
* * * LOW HITPOINT WARNING * * *
You block the centaur zombie's attack. The bog mummy casts a spell at you.
You feel yourself slow down.
The centaur zombie hits you but does no damage.
The centaur zombie misses you.
The centaur zombie hits you but does no damage.
The centaur zombie kicks you.
* * * LOW HITPOINT WARNING * * *
There is a gate leading back out of this place here.
The centaur zombie barely misses you. You block the centaur zombie's attack.
The bog mummy hits you!
* * * LOW HITPOINT WARNING * * *
Welcome back to the Dungeon!
There is a collapsed entrance here.
You hit the bog mummy. Your headbutt misses the bog mummy.
The bog mummy is almost destroyed.
The bog mummy hits you.
You die...

...###.##...##....
###.....##.#.#..#
##......##......####
....................
#.......##.......####
..>#........###.....
........#..## #####
...........#
..####..@)# ##.M...#
#..##...# ##.# ....$
..# #..# .## #.. . .
#.


You could see a bog mummy.

Vanquished Creatures
  Eustachio (D:4)
  An ogre (D:4)
  A phantom (D:4)
  A scorpion (D:4)
  2 water moccasin zombies (Ossuary)
  A bullfrog zombie (Ossuary)
  2 hounds
  A centaur zombie (Ossuary)
  Crazy Yiuf (D:3)
  2 iguanas (D:4)
  2 killer bee zombies (Ossuary)
  2 mummies (Ossuary)
  A gnoll (D:3)
  5 adders
  A shadow imp (D:4)
  An ufetubus (D:5)
  A worm zombie (D:5)
  A dart slug (D:4)
  3 orcs
  9 ball pythons
  5 endoplasms
  3 giant cockroaches
  2 goblins
  5 hobgoblins
  6 kobolds
  5 quokkas
  5 bats
  A frilled lizard (D:1)
  4 rats
75 creatures vanquished.

Vanquished Creatures (others)
  2 withered plants (Ossuary)
2 creatures vanquished.

Grand Total: 77 creatures vanquished

Notes
Turn   | Place    | Note
-------+----------+-------------------------------------------
     0 | D:1      | HotDog the Minotaur Fighter began the quest for the Orb.
     0 | D:1      | Reached XP level 1. HP: 19/19 MP: 0/0
   128 | D:1      | Found a faded altar of an unknown god.
   161 | D:1      | Reached XP level 2. HP: 27/27 MP: 1/1
   178 | D:1      | Prayed at the altar of an unknown god.
   178 | D:1      | Became a worshipper of Zin the Law-Giver
   178 | D:1      | Reached * piety under Zin
   541 | D:1      | Reached ** piety under Zin
   776 | D:2      | Reached XP level 3. HP: 13/33 MP: 2/2
  1919 | D:3      | Reached *** piety under Zin
  2003 | D:3      | Reached skill level 1 in Invocations
  2055 | D:3      | Reached XP level 4. HP: 39/40 MP: 3/3
  2152 | D:3      | Reached skill level 1 in Dodging
  2282 | D:3      | Found a runed translucent door.
  2283 | D:3      | Noticed Crazy Yiuf
  2464 | D:3      | Killed Crazy Yiuf
  2780 | D:4      | Reached XP level 5. HP: 42/46 MP: 4/4
  2873 | D:4      | Noticed an ogre
  2880 | D:4      | Killed an ogre
  2881 | D:4      | Reached skill level 5 in Armour
  2903 | D:4      | Noticed a phantom
  2922 | D:4      | HP: 2/47 [phantom (6)]
  2929 | D:4      | Killed a phantom
  2930 | D:4      | Reached XP level 6. HP: 27/53 MP: 0/6
  3595 | D:4      | Noticed Eustachio
  3620 | D:4      | Killed Eustachio
  3621 | D:4      | Reached skill level 5 in Long Blades
  3621 | D:4      | Reached XP level 7. HP: 47/60 MP: 7/7
  3722 | D:4      | Reached skill level 5 in Fighting
  3995 | D:5      | Entered Level 5 of the Dungeon
  4021 | D:5      | Reached skill level 5 in Shields
  4068 | D:5      | Found a sand-covered staircase.
  4085 | Ossuary  | Entered an ossuary
  4165 | Ossuary  | HP: 1/61 [bog mummy (8)]
  4167 | D:5      | Slain by a bog mummy

Illustrated notes

Levels and vault maps discovered:
D:1:      dpeg_arrival_long_road, layout_basic, ebering_ecumenical_altar_hall,
          minmay_liquid_box
D:2:      layout_loops_ring
D:3:      layout_basic, minivault_4, minmay_fractal_squares_diagonal_5,
          uniq_crazy_yiuf_cottage
D:4:      layout_cave_pools, uniq_eustachio
D:5:      layout_rooms, enter_ossuary_3

Skill      XL: |  1  2  3  4  5  6  7 |
---------------+----------------------+-----
Shields        | 4 5 |  5.1
Fighting       | 4 5 |  5.3
Armour         | 4 5 6 |  6.1
Long Blades    | 3 4 5 6 |  6.3
Invocations    | 1 2 |  2.5
Dodging        | 1 2 |  2.7

Action                   |  1- 3 |  4- 6 |  7- 9 || total
-------------------------+-------+-------+-------++-------
Melee: Long sword        |    87 |   103 |    73 ||   263
       Headbutt          |    12 |    16 |    14 ||    42
Invok: Recite            |       |     3 |     2 ||     5
       Imprison          |       |     1 |       ||     1
       Vitalisation      |       |       |     1 ||     1
  Use: Scroll            |     4 |     3 |     1 ||     8
       Potion            |     3 |     1 |       ||     4
Armor: Scale mail        |    55 |    56 |    38 ||   149
Dodge: Dodged            |    43 |    78 |    47 ||   168
Block: Buckler           |    21 |    33 |    19 ||    73

Table legend: (Time is in decaauts)
 A = Elapsed time spent in this place.
 B = Non-inter-level travel time spent in this place.
 C = Inter-level travel time spent in this place.
 D = Time resting spent in this place.
 E = Time spent auto-exploring this place.
 F = Levels seen in this place.
 G = Mean time per level.
                   A        B        C        D        E       F      G
               +--------+--------+--------+--------+--------+-----+--------+
         Total |   4220 |   4021 |    199 |    917 |   2387 |   6 |  703.3 |
       Dungeon |   4125 |   3926 |    199 |    913 |   2381 |   5 |  825.0 |
       Ossuary |     94 |     94 |      0 |      4 |      6 |   1 |   94.0 |
               +--------+--------+--------+--------+--------+-----+--------+

Top non-repeatable levels by time:
     D:3: 1272 daAuts
     D:2: 1076 daAuts
     D:4: 1013 daAuts
     D:1: 668 daAuts
 Ossuary: 94 daAuts
     D:5: 94 daAuts
